[Event "GambitGuide"]
[Site "Internet Chess Club"]
[Date "2014.10.31"]
[Round "1"]
[White "JSBach"]
[Black "yadav"]
[Result "1-0"]
[ICCResult "Black resigns"]
[WhiteElo "1709"]
[BlackElo "963"]
[Opening "Vienna: `Frankenstein-Dracula' variation"]
[ECO "C27"]
[NIC "VG.02"]
[Time "16:43:21"]
[TimeControl "120+12"]

1. e4 e5 2. Nc3 Nf6 3. Bc4 Nxe4 4. Qh5 Nd6 5. Bb3 Nc6 6. Nb5 g6 7. Qf3 f5 8.
Qd5 Qe7 9. Nxc7+ Kd8 10. Nxa8 b6 11. d3 Bb7 12. Nxb6 axb6 13. Qf3 Kc7 14.
Bd2 Nd4 15. Qg3 f4 16. Qg4 Bc8 17. Nf3 N6f5 18. c3 Nc6 19. Rc1 d6 20. Qg5
Qe6 21. Bxe6 Be7 22. Bxc8 Bxg5 23. Bxf5 {Black resigns} 1-0

[Event "GambitGuide"]
[Site "Internet Chess Club"]
[Date "2014.10.31"]
[Round "1"]
[White "JSBach"]
[Black "leonardoalmeida"]
[Result "0-1"]
[ICCResult "White checkmated"]
[WhiteElo "1709"]
[BlackElo "1834"]
[Opening "Vienna: `Frankenstein-Dracula' variation"]
[ECO "C27"]
[NIC "VG.02"]
[Time "16:43:30"]
[TimeControl "120+12"]

1. e4 e5 2. Nc3 Nf6 3. Bc4 Nxe4 4. Qh5 Nd6 5. Bb3 Nc6 6. Nb5 g6 7. Qf3 f5 8.
Qd5 Qe7 9. Nxc7+ Kd8 10. Nxa8 b6 11. d3 Bb7 12. Nxb6 axb6 13. Qf3 Nd4 14.
Qg3 f4 15. Qg4 Qf6 16. Ba4 Bc6 17. Bb3 Be7 18. Ne2 h5 19. Qh3 g5 20. Nxd4
exd4 21. f3 Nf5 22. O-O Ne3 23. Re1 g4 24. fxg4 hxg4 25. Qxh8+ Qxh8 26. Re2
Bd6 27. Bd2 f3 28. gxf3 gxf3 29. Rf2 Qg7+ 30. Kh1 Qf6 31. Re1 Qh4 32. Kg1
Ng4 33. Bg5+ Qxg5 34. h4 Qxh4 35. Ree2 Nxf2 36. Rxf2 Qg3+ 37. Kf1 Be7 38. a3
Bh4 39. Rxf3 Qxf3+ 40. Kg1 Qf2# {White checkmated} 0-1

[Event "GambitGuide"]
[Site "Internet Chess Club"]
[Date "2014.10.31"]
[Round "1"]
[White "JSBach"]
[Black "ADT"]
[Result "1-0"]
[ICCResult "Black resigns"]
[WhiteElo "1709"]
[BlackElo "1860"]
[Opening "Vienna: `Frankenstein-Dracula' variation"]
[ECO "C27"]
[NIC "VG.02"]
[Time "16:43:41"]
[TimeControl "120+12"]

1. e4 e5 2. Nc3 Nf6 3. Bc4 Nxe4 4. Qh5 Nd6 5. Bb3 Nc6 6. Nb5 g6 7. Qf3 f5 8.
Qd5 Qe7 9. Nxc7+ Kd8 10. Nxa8 b6 11. d3 Bb7 12. Nxb6 axb6 13. Qf3 e4 14.
dxe4 Nxe4 15. Be3 Bg7 16. Bxb6+ Kc8 17. Qe3 Re8 18. c3 Qf8 19. Kf1 Nf6 20.
Qf4 Ne5 21. Rd1 Nh5 22. Qa4 Nc6 23. Qb5 Qe7 24. Bd5 Be5 25. Bc5 Bd6 26. Bxd6
Qxd6 27. c4 Nf4 28. c5 Qe5 29. Bf7 Re7 30. Nf3 Nb8 31. Nxe5 Ba6 32. Qxa6+
Nxa6 33. Re1 Nxc5 34. g3 Nh5 35. b4 Ne6 36. b5 Nf6 37. a4 Nd5 38. Kg2 Nc3
39. Rc1 d6 40. Bxe6+ Rxe6 41. Rxc3+ Kd8 42. Nc6+ {Black resigns} 1-0

[Event "GambitGuide"]
[Site "Internet Chess Club"]
[Date "2014.10.31"]
[Round "1"]
[White "JSBach"]
[Black "smay"]
[Result "1-0"]
[ICCResult "Black checkmated"]
[WhiteElo "1709"]
[BlackElo "1400"]
[Opening "Vienna: `Frankenstein-Dracula' variation"]
[ECO "C27"]
[NIC "VG.02"]
[Time "16:44:15"]
[TimeControl "120+12"]

1. e4 e5 2. Nc3 Nf6 3. Bc4 Nxe4 4. Qh5 Nd6 5. Bb3 Nc6 6. Nb5 g6 7. Qf3 f5 8.
Qd5 Qe7 9. Nxc7+ Kd8 10. Nxa8 b6 11. d3 Nb4 12. Qf3 Bb7 13. Qg3 Bd5 14. Bg5
Bxb3 15. Bxe7+ Bxe7 16. Qxe5 Nxc2+ 17. Kf1 Nxa1 18. Qxh8+ Ne8 19. axb3 Nc2
20. Qxh7 Nd4 21. Qxg6 Nxb3 22. Nxb6 axb6 23. Qxb6+ Kc8 24. Qxb3 Kd8 25. Qb8#
{Black checkmated}
1-0

[Event "GambitGuide"]
[Site "Internet Chess Club"]
[Date "2014.10.31"]
[Round "1"]
[White "JSBach"]
[Black "luckypawns"]
[Result "1-0"]
[ICCResult "Black checkmated"]
[WhiteElo "1709"]
[BlackElo "1815"]
[Opening "Vienna: `Frankenstein-Dracula' variation"]
[ECO "C27"]
[NIC "VG.02"]
[Time "16:43:19"]
[TimeControl "120+12"]

1. e4 e5 2. Nc3 Nf6 3. Bc4 Nxe4 4. Qh5 Nd6 5. Bb3 Nc6 6. Nb5 g6 7. Qf3 f5 8.
Qd5 Qe7 9. Nxc7+ Kd8 10. Nxa8 b6 11. d3 Bb7 12. Nxb6 axb6 13. Qf3 Nd4 14.
Qg3 Bg7 15. Bg5 Bf6 16. Bxf6 Qxf6 17. Ba4 b5 18. Bb3 h5 19. f3 e4 20. dxe4
fxe4 21. fxe4 Nxe4 22. Qb8+ Bc8 23. Nh3 Re8 24. O-O-O Nxb3+ 25. axb3 g5 26.
Rhe1 g4 27. Nf4 Qa6 28. c4 bxc4 29. Qb4 Qa1+ 30. Kc2 cxb3+ 31. Kxb3 Qa6 32.
Rxe4 Rxe4 33. Qxe4 Qb6+ 34. Kc3 Qc5+ 35. Kd2 Ba6 36. b4 Qf2+ 37. Kc1 Qa2 38.
Ne6+ Ke7 39. Nc5+ Kd8 40. Rxd7+ Kc8 41. Qa8# {Black checkmated} 1-0

[Event "GambitGuide"]
[Site "Internet Chess Club"]
[Date "2014.10.31"]
[Round "1"]
[White "JSBach"]
[Black "parrot9"]
[Result "1-0"]
[ICCResult "Black resigns"]
[WhiteElo "1709"]
[BlackElo "1372"]
[Opening "Vienna: `Frankenstein-Dracula' variation"]
[ECO "C27"]
[NIC "VG.02"]
[Time "16:45:13"]
[TimeControl "120+12"]

1. e4 e5 2. Nc3 Nf6 3. Bc4 Nxe4 4. Qh5 Nd6 5. Bb3 Nc6 6. Nb5 g6 7. Qf3 f5 8.
Qd5 Qe7 9. Nxc7+ Kd8 10. Nxa8 b6 11. d3 e4 12. dxe4 Nxe4 13. Be3 f4 14. Nxb6
axb6 15. Bxb6+ Ke8 16. Kf1 {Black resigns} 1-0

[Event "GambitGuide"]
[Site "Internet Chess Club"]
[Date "2014.10.31"]
[Round "1"]
[White "JSBach"]
[Black "leonardoalmeida"]
[Result "0-1"]
[ICCResult "White checkmated"]
[WhiteElo "1709"]
[BlackElo "1834"]
[Opening "Vienna: `Frankenstein-Dracula' variation"]
[ECO "C27"]
[NIC "VG.02"]
[Time "16:45:33"]
[TimeControl "120+12"]

1. e4 e5 2. Nc3 Nf6 3. Bc4 Nxe4 4. Qh5 Nd6 5. Bb3 Nc6 6. Nb5 g6 7. Qf3 f5 8.
Qd5 Qe7 9. Nxc7+ Kd8 10. Nxa8 b6 11. d3 Bb7 12. Nxb6 axb6 13. Qf3 Nd4 14.
Qh3 Bg7 15. Be3 f4 16. Bxd4 exd4+ 17. Kf1 h5 18. Re1 Qf6 19. Nf3 g5 20. Re2
g4 21. Qh4 gxf3 22. Qxf6+ Bxf6 23. gxf3 Bxf3 24. Rg1 Bxe2+ 25. Kxe2 Nb7 26.
Bd5 Nc5 27. Rg6 Ke7 28. Kf3 Ne6 29. Bxe6 dxe6 30. Ke2 Kf7 31. Rg1 e5 32. Rd1
Rg8 33. Kf3 h4 34. a4 h3 35. Rf1 Rg2 36. Rh1 Kg6 37. c4 dxc3 38. bxc3 Kf5
39. Rb1 Rxh2 40. Rxb6 Rh1 41. a5 Ra1 42. Rb7 h2 43. Rh7 h1=Q+ 44. Rxh1 Rxh1
45. c4 Ra1 46. c5 Rxa5 47. c6 Rc5 48. Ke2 Rxc6 49. Kd2 Rd6 50. f3 Kg5 51.
Ke2 Kh4 52. Kd2 Kg3 53. Ke2 Kg2 54. Ke1 Kxf3 55. Kf1 Ke3 56. Kg2 Rxd3 57.
Kh2 Ke4 58. Kg2 Kf5 59. Kf1 e4 60. Ke2 Ke5 61. Ke1 Kd4 62. Ke2 f3+ 63. Kf2
Be5 64. Kf1 Rd2 65. Ke1 e3 66. Kf1 Rd1# {White checkmated} 0-1

[Event "GambitGuide"]
[Site "Internet Chess Club"]
[Date "2014.10.31"]
[Round "1"]
[White "JSBach"]
[Black "yadav"]
[Result "1-0"]
[ICCResult "Black resigns"]
[WhiteElo "1709"]
[BlackElo "963"]
[Opening "Vienna: `Frankenstein-Dracula' variation"]
[ECO "C27"]
[NIC "VG.02"]
[Time "16:45:50"]
[TimeControl "120+12"]

1. e4 e5 2. Nc3 Nf6 3. Bc4 Nxe4 4. Qh5 Nd6 5. Bb3 Nc6 6. Nb5 g6 7. Qf3 f5 8.
Qd5 Qe7 9. Nxc7+ Kd8 10. Nxa8 b6 11. d3 Bb7 12. Nxb6 axb6 13. Qf3 Kc7 14.
Be3 Nd4 15. Qh3 f4 16. Bxd4 exd4+ 17. Ne2 h5 18. Kf1 Bh6 19. Nxd4 Re8 20. c3
Nf5 21. Rc1 Nxd4 22. cxd4+ Kb8 23. Be6 Qxe6 24. Qxe6 Rxe6 25. f3 Bg7 26. Rc4
Ba6 27. d5 Bxc4 28. dxc4 Re3 29. b3 Rc3 30. g3 Rc1+ 31. Kg2 Rg1+ 32. Rxg1
{Black resigns}
1-0

[Event "GambitGuide"]
[Site "Internet Chess Club"]
[Date "2014.10.31"]
[Round "1"]
[White "JSBach"]
[Black "luckypawns"]
[Result "0-1"]
[ICCResult "White checkmated"]
[WhiteElo "1709"]
[BlackElo "1815"]
[Opening "Vienna: `Frankenstein-Dracula' variation"]
[ECO "C27"]
[NIC "VG.02"]
[Time "16:46:35"]
[TimeControl "120+12"]

1. e4 e5 2. Nc3 Nf6 3. Bc4 Nxe4 4. Qh5 Nd6 5. Bb3 Nc6 6. Nb5 g6 7. Qf3 f5 8.
Qd5 Qe7 9. Nxc7+ Kd8 10. Nxa8 b6 11. d3 Bb7 12. Nxb6 axb6 13. Qf3 Nd4 14.
Qh3 Bg7 15. Be3 h5 16. a4 g5 17. Rc1 g4 18. Qg3 f4 19. c3 fxg3 20. cxd4 exd4
21. hxg3 dxe3 22. fxe3 Qxe3+ 23. Ne2 Bxg2 24. Rh2 Bf3 25. Rc2 Nf5 26. Rc4
Re8 27. Rf2 Nd4 28. Bd1 Bxe2 29. Bxe2 Nxe2 30. Kf1 Nxg3+ 31. Kg2 h4 32. Rff4
Qe2+ 33. Rf2 Qxd3 34. Rxg4 h3+ 35. Kxh3 Rh8+ 36. Kg2 Be5 37. a5 bxa5 38. Ra4
Ne4 39. Rf8+ Rxf8 40. Ra1 Qg3+ 41. Kh1 Nf2# {White checkmated} 0-1

[Event "GambitGuide"]
[Site "Internet Chess Club"]
[Date "2014.10.31"]
[Round "1"]
[White "JSBach"]
[Black "parrot9"]
[Result "1-0"]
[ICCResult "Black resigns"]
[WhiteElo "1709"]
[BlackElo "1372"]
[Opening "Vienna: `Frankenstein-Dracula' variation"]
[ECO "C27"]
[NIC "VG.02"]
[Time "16:47:11"]
[TimeControl "120+12"]

1. e4 e5 2. Nc3 Nf6 3. Bc4 Nxe4 4. Qh5 Nd6 5. Bb3 Nc6 6. Nb5 g6 7. Qf3 f5 8.
Qd5 Qe7 9. Nxc7+ Kd8 10. Nxa8 b6 11. d3 Bb7 12. Nxb6 axb6 13. Qf3 e4 14. Qe3
f4 15. Qxb6+ Ke8 16. Bxf4 exd3+ 17. Kf1 Qf6 18. Bxd6 Qxb2 19. Re1+ Be7 20.
Bf7+ Kxf7 21. Qxb2 {Black resigns} 1-0

[Event "GambitGuide"]
[Site "Internet Chess Club"]
[Date "2014.10.31"]
[Round "1"]
[White "JSBach"]
[Black "foursquared"]
[Result "1-0"]
[ICCResult "Black resigns"]
[WhiteElo "1709"]
[BlackElo "1171"]
[Opening "Vienna: `Frankenstein-Dracula' variation"]
[ECO "C27"]
[NIC "VG.02"]
[Time "16:47:23"]
[TimeControl "120+12"]

1. e4 e5 2. Nc3 Nf6 3. Bc4 Nxe4 4. Qh5 Nd6 5. Bb3 Nc6 6. Nb5 g6 7. Qf3 f5 8.
Qd5 Qe7 9. Nxc7+ Kd8 10. Nxa8 b6 11. d3 Bb7 12. Nxb6 axb6 13. Qf3 Bg7 14.
Be3 e4 15. Bxb6+ Ke8 16. Qe3 exd3 17. Rb1 Qxe3+ 18. fxe3 dxc2 19. Rc1 Ne5
20. Kf1 Ng4 21. Rxc2 Nxe3+ 22. Bxe3 Kd8 23. Bf4 Ne4 24. Ke1 Re8 25. Bf7 Re7
26. Bc7+ Kc8 27. Bd6+ Kd8 28. Bxe7+ Kxe7 29. Bb3 Nc5 30. Bc4 Na4 31. b3 Nc5
32. Nf3 Ne4 33. Bd3 Nd6 34. a4 Bxf3 35. gxf3 Be5 36. a5 Bd4 37. a6 Ba7 38.
Rc7 Bb6 39. a7 Bxa7 40. Rxa7 Ke6 41. b4 Nc8 42. Rc7 Nb6 43. Kf2 Kd6 44. Rb7
Nd5 45. b5 h5 46. h4 f4 47. Bxg6 {Black resigns} 1-0

[Event "GambitGuide"]
[Site "Internet Chess Club"]
[Date "2014.10.31"]
[Round "1"]
[White "JSBach"]
[Black "parrot9"]
[Result "1-0"]
[ICCResult "Black resigns"]
[WhiteElo "1709"]
[BlackElo "1372"]
[Opening "Vienna: `Frankenstein-Dracula' variation"]
[ECO "C27"]
[NIC "VG.02"]
[Time "16:49:02"]
[TimeControl "120+12"]

1. e4 e5 2. Nc3 Nf6 3. Bc4 Nxe4 4. Qh5 Nd6 5. Bb3 Nc6 6. Nb5 g6 7. Qf3 f5 8.
Qd5 Qe7 9. Nxc7+ Kd8 10. Nxa8 b6 11. d3 Nb4 12. Qf3 Bb7 13. Qg3 e4 14. Bg5
{Black resigns}
1-0

[Event "GambitGuide"]
[Site "Internet Chess Club"]
[Date "2014.10.31"]
[Round "1"]
[White "JSBach"]
[Black "foursquared"]
[Result "1-0"]
[ICCResult "Black resigns"]
[WhiteElo "1709"]
[BlackElo "1171"]
[Opening "Vienna: `Frankenstein-Dracula' variation"]
[ECO "C27"]
[NIC "VG.02"]
[Time "16:49:57"]
[TimeControl "120+12"]

1. e4 e5 2. Nc3 Nf6 3. Bc4 Nxe4 4. Qh5 Nd6 5. Bb3 Nc6 6. Nb5 g6 7. Qf3 f5 8.
Qd5 Qe7 9. Nxc7+ Kd8 10. Nxa8 b6 11. d3 Bb7 12. Nxb6 axb6 13. Qf3 e4 14. Qe3
exd3 15. cxd3 Qxe3+ 16. Bxe3 Bg7 17. Bxb6+ Kc8 18. Rc1 Bxb2 19. Rc2 Bf6 20.
Ne2 Re8 21. O-O Kb8 22. Rb1 Nd4 23. Bxd4 Bxd4 24. Nxd4 {Black resigns} 1-0

[Event "GambitGuide"]
[Site "Internet Chess Club"]
[Date "2014.10.31"]
[Round "1"]
[White "JSBach"]
[Black "luckypawns"]
[Result "1-0"]
[ICCResult "Black resigns"]
[WhiteElo "1709"]
[BlackElo "1815"]
[Opening "Vienna: `Frankenstein-Dracula' variation"]
[ECO "C27"]
[NIC "VG.02"]
[Time "16:48:53"]
[TimeControl "120+12"]

1. e4 e5 2. Nc3 Nf6 3. Bc4 Nxe4 4. Qh5 Nd6 5. Bb3 Nc6 6. Nb5 g6 7. Qf3 f5 8.
Qd5 Qe7 9. Nxc7+ Kd8 10. Nxa8 b6 11. d3 Bb7 12. Nxb6 axb6 13. Qf3 Nd4 14.
Qh3 Bg7 15. Be3 h5 16. Ne2 g5 17. c3 g4 18. Qg3 f4 19. Nxf4 exf4 20. Qxf4
Rf8 21. Qg3 N4f5 22. Qf4 Bxg2 23. Rg1 Bf3 24. Qb4 Nxe3 25. Qxb6+ Ke8 26.
Qb8+ Qd8 27. Qxd6 Nf5 28. Qg6+ Ke7 29. Qxh5 Qb6 30. h3 Qh6 31. Qxh6 Nxh6 32.
hxg4 Bxg4 33. Bd1 Bxd1 34. Rxg7+ Kf6 35. Rh7 Kg6 36. Rxh6+ Kxh6 37. Rxd1 Kg5
38. b4 Kf4 39. a4 Kf3 40. Kf1 Rh8 41. Ke1 Rh1+ 42. Kd2 Rh2 43. Rf1 Rh5 44.
b5 Rc5 45. b6 Ra5 46. b7 {Black resigns} 1-0

[Event "GambitGuide"]
[Site "Internet Chess Club"]
[Date "2014.10.31"]
[Round "1"]
[White "JSBach"]
[Black "luckypawns"]
[Result "1-0"]
[ICCResult "Black resigns"]
[WhiteElo "1709"]
[BlackElo "1815"]
[Opening "Vienna: `Frankenstein-Dracula' variation"]
[ECO "C27"]
[NIC "VG.02"]
[Time "16:51:23"]
[TimeControl "120+12"]

1. e4 e5 2. Nc3 Nf6 3. Bc4 Nxe4 4. Qh5 Nd6 5. Bb3 Nc6 6. Nb5 g6 7. Qf3 f5 8.
Qd5 Qe7 9. Nxc7+ Kd8 10. Nxa8 b6 11. d3 Bb7 12. Nxb6 axb6 13. Qf3 Ne4 14.
dxe4 fxe4 15. Qxe4 Na5 16. Qe3 h5 17. Qxb6+ {Black resigns} 1-0

[Event "GambitGuide"]
[Site "Internet Chess Club"]
[Date "2014.10.31"]
[Round "1"]
[White "JSBach"]
[Black "parrot9"]
[Result "1-0"]
[ICCResult "Black checkmated"]
[WhiteElo "1709"]
[BlackElo "1372"]
[Opening "Vienna: `Frankenstein-Dracula' variation"]
[ECO "C27"]
[NIC "VG.02"]
[Time "16:50:50"]
[TimeControl "120+12"]

1. e4 e5 2. Nc3 Nf6 3. Bc4 Nxe4 4. Qh5 Nd6 5. Bb3 Nc6 6. Nb5 g6 7. Qf3 f5 8.
Qd5 Qe7 9. Nxc7+ Kd8 10. Nxa8 b6 11. d3 e4 12. dxe4 Nxe4 13. Be3 Bh6 14. Qf7
Qb4+ 15. c3 Nxc3 16. Qf6+ Ke8 17. Nc7# {Black checkmated} 1-0

[Event "GambitGuide"]
[Site "Internet Chess Club"]
[Date "2014.10.31"]
[Round "1"]
[White "JSBach"]
[Black "Grand-Galop"]
[Result "1-0"]
[ICCResult "Black checkmated"]
[WhiteElo "1709"]
[BlackElo "1353"]
[Opening "Vienna: `Frankenstein-Dracula' variation"]
[ECO "C27"]
[NIC "VG.02"]
[Time "16:48:24"]
[TimeControl "120+12"]

1. e4 e5 2. Nc3 Nf6 3. Bc4 Nxe4 4. Qh5 Nd6 5. Bb3 Nc6 6. Nb5 g6 7. Qf3 f5 8.
Qd5 Qe7 9. Nxc7+ Kd8 10. Nxa8 b6 11. d3 Bb7 12. Nxb6 axb6 13. Qf3 Kc8 14.
Bd2 Nd4 15. Qg3 f4 16. Qg4 Nxb3 17. axb3 Nf5 18. Nf3 Nd4 19. Nxd4 exd4+ 20.
Kd1 Qe6 21. Qxf4 Bxg2 22. Qxd4 Bxh1 23. Qc3+ Kd8 24. Qxh8 Qg4+ 25. Ke1 Ke7
26. Qxh7+ Kd6 27. Ra7 Qg1+ 28. Ke2 Bc6 29. Bb4+ Kd5 30. Qf7+ Ke5 31. f4+ Kd4
32. Qc4# {Black checkmated} 1-0

[Event "GambitGuide"]
[Site "Internet Chess Club"]
[Date "2014.10.31"]
[Round "1"]
[White "JSBach"]
[Black "luckypawns"]
[Result "1-0"]
[ICCResult "Black resigns"]
[WhiteElo "1709"]
[BlackElo "1815"]
[Opening "Vienna: `Frankenstein-Dracula' variation"]
[ECO "C27"]
[NIC "VG.02"]
[Time "16:51:37"]
[TimeControl "120+12"]

1. e4 e5 2. Nc3 Nf6 3. Bc4 Nxe4 4. Qh5 Nd6 5. Bb3 Nc6 6. Nb5 g6 7. Qf3 f5 8.
Qd5 Qe7 9. Nxc7+ Kd8 10. Nxa8 b6 11. d3 Bb7 12. Nxb6 axb6 13. Qf3 Nd4 14.
Qg3 Bg7 15. Bg5 Bf6 16. Bxf6 Qxf6 17. Ba4 b5 18. Bb3 h5 19. Qh3 g5 20. c3 g4
21. Qe3 f4 22. Qd2 Bxg2 23. cxd4 Bxh1 24. Rc1 exd4 25. Qa5+ Ke7 26. Kd2 Bc6
27. Ne2 f3 28. Ng3 Qf4+ 29. Kc2 Nb7 30. Qb4+ Qd6 31. Nf5+ {Black resigns}
1-0

[Event "GambitGuide"]
[Site "Internet Chess Club"]
[Date "2014.10.31"]
[Round "1"]
[White "JSBach"]
[Black "parrot9"]
[Result "1-0"]
[ICCResult "Black resigns"]
[WhiteElo "1709"]
[BlackElo "1372"]
[Opening "Vienna: `Frankenstein-Dracula' variation"]
[ECO "C27"]
[NIC "VG.02"]
[Time "16:51:59"]
[TimeControl "120+12"]

1. e4 e5 2. Nc3 Nf6 3. Bc4 Nxe4 4. Qh5 Nd6 5. Bb3 Nc6 6. Nb5 g6 7. Qf3 f5 8.
Qd5 Qe7 9. Nxc7+ Kd8 10. Nxa8 b6 11. d3 Nb4 12. Bg5 Qxg5 13. Qxe5 Qxg2 14.
Qxh8 Qxh1 15. Qxf8+ Ne8 16. Kf1 Bb7 17. Nxb6 Qg2+ 18. Ke2 axb6 19. Qxb4
{Black resigns}
1-0

[Event "GambitGuide"]
[Site "Internet Chess Club"]
[Date "2014.10.31"]
[Round "1"]
[White "JSBach"]
[Black "Rude-Dude"]
[Result "1-0"]
[ICCResult "Black resigns"]
[WhiteElo "1709"]
[BlackElo "1295"]
[Opening "Vienna: `Frankenstein-Dracula' variation"]
[ECO "C27"]
[NIC "VG.02"]
[Time "16:49:12"]
[TimeControl "120+12"]

1. e4 e5 2. Nc3 Nf6 3. Bc4 Nxe4 4. Qh5 Nd6 5. Bb3 Nc6 6. Nb5 g6 7. Qf3 f5 8.
Qd5 Qe7 9. Nxc7+ Kd8 10. Nxa8 b6 11. d3 Nb4 12. Bg5 Nxd5 13. Bxe7+ Nxe7 14.
d4 e4 15. c4 Bb7 16. c5 bxc5 17. Rc1 Bxa8 18. dxc5 Nb5 19. Bc4 Nd4 20. Rd1
Nec6 21. Bd5 Nc2+ 22. Kd2 N2b4 23. Bf7 Bh6+ 24. Ke2 Bg7 25. a3 Nc2 26. Rd2
N2d4+ 27. Ke1 Rf8 28. Bd5 Kc7 29. b4 Bb7 30. Bc4 e3 31. fxe3 Re8 32. Kf2 Ne6
33. Rd6 Ng5 34. Bd3 Nd8 35. Bc2 Be4 36. Ba4 Bc6 37. Bxc6 dxc6 38. Ke2 Ne4
39. Rd3 Ne6 40. Kf3 N4g5+ 41. Kg3 Be5+ 42. Kf2 f4 43. Nf3 Nxf3 44. Kxf3 Ng5+
45. Kg4 h6 46. exf4 Nf7 47. Re1 h5+ 48. Kh3 g5 49. fxe5 g4+ 50. Kh4 Rh8 51.
e6 Nd8 52. e7 Nf7 53. e8=R Rxe8 54. Rxe8 Nh6 55. Kxh5 Nf5 56. Kg5 Ng7 57.
Re7+ {Black resigns} 1-0

[Event "GambitGuide"]
[Site "Internet Chess Club"]
[Date "2014.10.31"]
[Round "1"]
[White "JSBach"]
[Black "fishhead"]
[Result "1-0"]
[ICCResult "Black resigns"]
[WhiteElo "1709"]
[BlackElo "1597"]
[Opening "Vienna: `Frankenstein-Dracula' variation"]
[ECO "C27"]
[NIC "VG.02"]
[Time "16:53:20"]
[TimeControl "120+12"]

1. e4 e5 2. Nc3 Nf6 3. Bc4 Nxe4 4. Qh5 Nd6 5. Bb3 Nc6 6. Nb5 g6 7. Qf3 f5 8.
Qd5 Qe7 9. Nxc7+ Kd8 10. Nxa8 b6 11. d3 Bg7 12. Nh3 h6 13. Ba4 Bb7 14. Nxb6
axb6 15. Qb3 b5 16. Be3 bxa4 17. Qxa4 Ke8 18. O-O Kf7 19. Qb3+ Qe6 20. Qxe6+
Kxe6 21. Rfe1 Nf7 22. g3 d5 23. d4 e4 24. Nf4+ Kf6 25. Nxd5+ Ke6 26. Nf4+
Kf6 27. d5 Nce5 28. Bd4 g5 29. Nh5+ Kg6 30. Nxg7 Kxg7 31. f4 {Black resigns}
1-0

[Event "GambitGuide"]
[Site "Internet Chess Club"]
[Date "2014.10.31"]
[Round "1"]
[White "JSBach"]
[Black "luckypawns"]
[Result "0-1"]
[ICCResult "White checkmated"]
[WhiteElo "1709"]
[BlackElo "1815"]
[Opening "Vienna: `Frankenstein-Dracula' variation"]
[ECO "C27"]
[NIC "VG.02"]
[Time "16:52:57"]
[TimeControl "120+12"]

1. e4 e5 2. Nc3 Nf6 3. Bc4 Nxe4 4. Qh5 Nd6 5. Bb3 Nc6 6. Nb5 g6 7. Qf3 f5 8.
Qd5 Qe7 9. Nxc7+ Kd8 10. Nxa8 b6 11. d3 Bb7 12. Nxb6 axb6 13. Qf3 Nd4 14.
Qg3 Bg7 15. Bg5 Bf6 16. Bxf6 Qxf6 17. Ba4 b5 18. Bb3 h5 19. c3 g5 20. cxd4
f4 21. Qh3 g4 22. Rc1 gxh3 23. Nxh3 Bxg2 24. Rg1 Bxh3 25. d5 e4 26. dxe4
Nxe4 27. Rc2 Re8 28. Re2 Bg4 29. f3 Bxf3 30. Rgg2 Bxg2 31. Rxg2 Nc5+ 32. Kd1
Nxb3 33. axb3 Qd4+ 34. Rd2 Qg1+ 35. Kc2 f3 36. Kd3 Qc5 37. Rf2 Qxd5+ 38. Kc3
Re3+ 39. Kb4 Rxb3+ 40. Ka5 b4+ 41. Ka4 Rd3 42. Rf1 Rd2 43. Kxb4 Rxb2+ 44.
Kc3 Qb3+ 45. Kd4 f2 46. Ra1 Rb1 47. Ra8+ Ke7 48. Rh8 f1=Q 49. Rh7+ Kf8 50.
Rh8+ Kg7 51. Rh7+ Kxh7 52. Ke5 Qe6+ 53. Kd4 Rb4+ 54. Kc3 Qfc4+ 55. Kd2 Qee2#
{White checkmated}
0-1

[Event "GambitGuide"]
[Site "Internet Chess Club"]
[Date "2014.10.31"]
[Round "1"]
[White "JSBach"]
[Black "fishhead"]
[Result "1-0"]
[ICCResult "Black resigns"]
[WhiteElo "1709"]
[BlackElo "1597"]
[Opening "Vienna: `Frankenstein-Dracula' variation"]
[ECO "C27"]
[NIC "VG.02"]
[Time "16:54:37"]
[TimeControl "120+12"]

1. e4 e5 2. Nc3 Nf6 3. Bc4 Nxe4 4. Qh5 Nd6 5. Bb3 Nc6 6. Nb5 g6 7. Qf3 f5 8.
Qd5 Qe7 9. Nxc7+ Kd8 10. Nxa8 b6 11. d3 e4 12. dxe4 Nxe4 13. Be3 Bb7 14.
Nxb6 axb6 15. Bxb6+ Kc8 16. Be3 Nd4 17. Qxd4 {Black resigns} 1-0

[Event "GambitGuide"]
[Site "Internet Chess Club"]
[Date "2014.10.31"]
[Round "1"]
[White "JSBach"]
[Black "yadav"]
[Result "1-0"]
[ICCResult "Black resigns"]
[WhiteElo "1709"]
[BlackElo "963"]
[Opening "Vienna: `Frankenstein-Dracula' variation"]
[ECO "C27"]
[NIC "VG.02"]
[Time "16:48:44"]
[TimeControl "120+12"]

1. e4 e5 2. Nc3 Nf6 3. Bc4 Nxe4 4. Qh5 Nd6 5. Bb3 Nc6 6. Nb5 g6 7. Qf3 f5 8.
Qd5 Qe7 9. Nxc7+ Kd8 10. Nxa8 b6 11. d3 Bb7 12. Nxb6 axb6 13. Qf3 Kc7 14.
Be3 Nd4 15. Qh3 h5 16. c3 Nxb3 17. axb3 f4 18. Bd2 Bc8 19. Qf3 Nf5 20. Qa8
Bb7 21. Ra7 Nd6 22. d4 Kc6 23. d5+ Kc7 24. g4 Bg7 25. Rxb7+ Nxb7 26. Qa7
hxg4 27. b4 g5 28. Kd1 e4 29. Qa4 f3 30. Qb5 Nd6 31. Qa6 Nb7 32. Be3 Qd6 33.
Qc4+ Kd8 34. Bxg5+ Ke8 35. Qc8+ Kf7 36. Qxb7 Be5 37. c4 Rb8 38. Qa6 Qxb4 39.
h4 Qxb2 40. Qb5 Qxb5 41. cxb5 Ra8 42. Be3 Ra5 43. Kc2 Rxb5 44. h5 Kg7 45.
Rh4 Ra5 46. Rxg4+ Kh7 47. Rxe4 d6 48. Nxf3 b5 49. Nxe5 dxe5 50. f3 b4 51.
Rxe5 Ra2+ 52. Kb3 {Black resigns} 1-0

[Event "GambitGuide"]
[Site "Internet Chess Club"]
[Date "2014.10.31"]
[Round "1"]
[White "JSBach"]
[Black "luckypawns"]
[Result "0-1"]
[ICCResult "White checkmated"]
[WhiteElo "1709"]
[BlackElo "1815"]
[Opening "Vienna: `Frankenstein-Dracula' variation"]
[ECO "C27"]
[NIC "VG.02"]
[Time "16:55:04"]
[TimeControl "120+12"]

1. e4 e5 2. Nc3 Nf6 3. Bc4 Nxe4 4. Qh5 Nd6 5. Bb3 Nc6 6. Nb5 g6 7. Qf3 f5 8.
Qd5 Qe7 9. Nxc7+ Kd8 10. Nxa8 b6 11. d3 Bb7 12. Nxb6 axb6 13. Qf3 Nd4 14.
Qg3 Bg7 15. Bg5 Bf6 16. Bxf6 Qxf6 17. Ba4 b5 18. Bb3 h5 19. c3 g5 20. cxd4
f4 21. Qh3 g4 22. Rc1 gxh3 23. Nxh3 Bxg2 24. Rg1 Bxh3 25. d5 Bf5 26. Ke2 e4
27. dxe4 Bxe4 28. Ke1 Re8 29. Kf1 Bd3+ 30. Kg2 Qg5+ 31. Kh1 Be4+ 32. f3
Bxf3+ 33. Rg2 Qxg2# {White checkmated} 0-1

[Event "GambitGuide"]
[Site "Internet Chess Club"]
[Date "2014.10.31"]
[Round "1"]
[White "JSBach"]
[Black "nsideurheadbro"]
[Result "1-0"]
[ICCResult "Black resigns"]
[WhiteElo "1709"]
[BlackElo "1184"]
[Opening "Vienna: `Frankenstein-Dracula' variation"]
[ECO "C27"]
[NIC "VG.02"]
[Time "16:53:40"]
[TimeControl "120+12"]

1. e4 e5 2. Nc3 Nf6 3. Bc4 Nxe4 4. Qh5 Nd6 5. Bb3 Nc6 6. Nb5 g6 7. Qf3 f5 8.
Qd5 Qe7 9. Nxc7+ Kd8 10. Nxa8 b6 11. d3 Bb7 12. Nxb6 axb6 13. Qf3 h6 14. Qg3
Qf6 15. Ne2 Nd4 16. Nxd4 exd4 17. Bf4 g5 18. Be5 Qe7 19. O-O Rh7 20. Bxd4 f4
21. Bxb6+ Kc8 22. Qh3 Rg7 23. Qxh6 f3 24. Rfe1 Qd8 25. Bxd8 {Black resigns}
1-0